 Dungeon Crawl Stone Soup version 0.25-a0-516-g7d600cd9ad (webtiles) character file.

Game seed: 14186762238287691249, levelgen mode: deterministic

58 Gargoyl the Skirmisher (level 3, -4/31 HPs)
             Began as a Centaur Abyssal Knight on Feb 17, 2020.
             Was a Follower of Lugonu.
             Slain by a gnoll
             ... wielding a +0 flail
              (10 damage)
             ... on level 2 of the Dungeon.
             The game lasted 00:01:45 (1126 turns).

Gargoyl the Skirmisher (Centaur Abyssal Knight)     Turns: 1126, Time: 00:01:45

Health: -4/31      AC:  4    Str: 14    XL:     3   Next: 75%
Magic:  1/1        EV:  9    Int: 11    God:    Lugonu [*.....]
Gold:   19         SH:  0    Dex:  9    Spells: 2/2 levels left

rFire    . . .     SeeInvis .   e - +1 war axe (antimagic)
rCold    . . .     Gourm    .   (no shield)
rNeg     . . .     Faith    .   b - +0 leather armour
rPois    .         Spirit   .   (no helmet)
rElec    .         Reflect  .   (no cloak)
rCorr    .         Harm     .   (no gloves)
MR       .....                  (no barding)
Stlth    ..........             d - amulet of rage
HPRegen  0.10/turn              (no ring)
MPRegen  0.07/turn              (no ring)

@: very quick
A: large, hooves 3, deformed body, speed 2, tough skin 3
a: Depart the Abyss, Renounce Religion, Evoke Berserk Rage


You were on level 2 of the Dungeon.
You worshipped Lugonu.
Lugonu was aware of your devotion.
You were not hungry.

You visited 1 branch of the dungeon, and saw 2 of its levels.
You visited the Abyss 1 time.

You collected 19 gold pieces.

Inventory:

Hand Weapons
 a - a +1 hand axe
 e - a +1 antimagic war axe (weapon)
Armour
 b - a +0 leather armour (worn)
Jewellery
 d - an amulet of rage (around neck)
 f - an uncursed amulet of guardian spirit {unknown}
Scrolls
 g - 2 scrolls of remove curse {unknown}
 h - a scroll of fear {unknown}
 i - a scroll of identify {unknown}
 n - a scroll of fog {unknown}
 o - a scroll of blinking {unknown}
Potions
 j - a potion of magic {unknown}
 k - a potion of cancellation {unknown}
 l - a potion of might {unknown}
 m - a potion of mutation {unknown}
Comestibles
 c - 5 rations


   Skills:
 + Level 3.5 Fighting
 + Level 2.3 Axes
 * Level 1.8 Armour
 * Level 1.1 Dodging
 * Level 2.4 Invocations


You had 2 spell levels left.
You didn't know any spells.
Your spell library was empty.

Dungeon Overview and Level Annotations

Branches:
Dungeon (2/15)

Altars:
Nemelex Xobeh


Innate Abilities, Weirdness & Mutations

You have hooves in place of feet.
Armour fits poorly on your strangely shaped body.
You cover ground very quickly.
You have extremely tough skin. (AC +3)


Message History

The gnoll is heavily wounded.
The gnoll hits you but does no damage. x3
You slash the gnoll!
You kill the gnoll!
Lugonu accepts your kill. The gnoll hits you but does no damage.
The gnoll completely misses you.
You slash the gnoll!
The gnoll is heavily wounded.
The gnoll barely misses you. x2
You slash the gnoll!
You kill the gnoll!
Lugonu accepts your kill. The gnoll barely misses you.
The gnoll hits you from afar with a +0 spear!
You hit the gnoll. You kick the gnoll, but do no damage.
The gnoll is lightly wounded.
The gnoll hits you with a +0 flail!
* * * LOW HITPOINT WARNING * * *
The gnoll closely misses you. The gnoll hits you with a +0 flail!
You die... #. #. #. . #. ### ##. #.## ##... ... gg#

#... ###.## #g# #..#
#.!...##@# #..###
.......#.## #....#
......)#..###..#.##.#
..._..........[.....#.
.......#.###.........#
.......#.###..##.....#
#.....##.##......#.#.#
###.## #.##..##..#.#
... ..##..#...#.##.


You could see 2 gnolls and a goblin.

Vanquished Creatures
  2 gnolls (D:2)
  2 oozes (D:1)
  3 dart slugs (D:1)
  2 bats (D:1)
  2 goblins (D:1)
  3 hobgoblins (D:1)
  2 jackals (D:1)
  2 kobolds (D:1)
  3 frilled lizards (D:1)
  4 rats (D:1)
25 creatures vanquished.

Vanquished Creatures (others)
  A starspawn tentacle (Abyss:2)
1 creature vanquished.

Grand Total: 26 creatures vanquished

Notes
Turn   | Place    | Note
-------+----------+-------------------------------------------
     0 | Abyss:1  | Gargoyl the Centaur Abyssal Knight began the quest for the
                  | Orb.
     0 | Abyss:1  | Reached XP level 1. HP: 19/19 MP: 2/2
    71 | Abyss:2  | Noticed a starcursed mass
    81 | Abyss:2  | Noticed a tentacled starspawn
    82 | Abyss:2  | Noticed a raiju
   129 | Abyss:3  | Noticed a rakshasa
   142 | Abyss:3  | Noticed a tentacled starspawn
   150 | Abyss:3  | Noticed a raiju
   150 | Abyss:3  | Noticed a raiju
   150 | Abyss:3  | Noticed a raiju
   150 | Abyss:3  | Noticed a raiju
   151 | Abyss:3  | Noticed a spatial vortex
   152 | D:1      | Escaped the Abyss
   184 | D:1      | Reached XP level 2. HP: 20/26 MP: 1/3
   300 | D:1      | Reached * piety under Lugonu
   629 | D:1      | Reached skill level 1 in Dodging
   737 | D:1      | Reached XP level 3. HP: 31/31 MP: 1/4
  1112 | D:2      | Found a sparkling altar of Nemelex Xobeh.
  1126 | D:2      | Slain by a gnoll

Levels and vault maps discovered:
D:1:      tarquinn_simple_flora_water_c, layout_rooms, chequers_big_river
D:2:      layout_loops_cross, old_standard_altar, first_ration, hex_tiny,
          chequers_serial_rivers_small_b

Skill      XL: |  1  2 |
---------------+-------+-----
Axes           | 2 |  2.3
Dodging        | 1 |  1.1
Fighting       | |  3.5
Armour         | |  1.8
Invocations    | |  2.4

Action                   || total
-------------------------++-------
Melee: War axe           ||    56
       Kick              ||    12
Invok: Depart the Abyss  ||     1
Armor: Leather armour    ||    32
Dodge: Dodged            ||    42

Table legend:
 A = Non-vault XP
 B = Vault XP
 C = Vault XP percentage of total XP
 D = Non-vault monster count
 E = Vault monster count
 F = Vault count percentage of total count
                 A         B        C        D         E       F
            +---------+---------+-------+---------+---------+-------
      Total |      83 |       0 |   0.0 |      25 |       0 |   0.0
            +---------+---------+-------+---------+---------+-------
        D:1 |      55 |       0 |   0.0 |      23 |       0 |   0.0
        D:2 |      28 |       0 |   0.0 |       2 |       0 |   0.0
            +---------+---------+-------+---------+---------+-------
